 Dungeon Crawl Stone Soup version 0.29-a0-878-g7b45a56547 (webtiles) character file.

Game seed: 16967081664588507477

42 iguanaiguana the Shooter (level 3, 0/18 HPs)
             Began as a Spriggan Hunter on July 20, 2022.
             Was an Initiate of Nemelex Xobeh.
             Slain by a gnoll
             ... wielding a +0 spear
              (10 damage)
             ... on level 2 of the Dungeon.
             The game lasted 00:05:43 (774 turns).

iguanaiguana the Shooter (Spriggan Hunter)           Turns: 774, Time: 00:05:43

Health: 0/18       AC:  2    Str:  5    XL:     3   Next: 35%
Magic:  4/4        EV: 18    Int: 10    God:    Nemelex Xobeh [......]
Gold:   53         SH:  5    Dex: 20    Spells: 2/2 levels left

rFire   + . .      SeeInvis +   a - +1 shortbow
rCold   + . .      Faith    .   (shield currently unavailable)
rNeg    . . .      Spirit   .   c - +0 robe
rPois   +          Reflect  +   (helmet restricted)
rElec   +          Harm     .   (no cloak)
rCorr   +          Rampage  .   (gloves unavailable)
Will    .....                   (boots unavailable)
Stlth   ++........              d - amulet of reflection
HPRegen 0.06/turn               (no ring)
MPRegen 0.09/turn               (no ring)

@: resistant, very quick
A: very small, no large weapons, unfitting armour, see invisible, speed 3,
deterioration 1, weak 1
a: Renounce Religion, Draw Escape, Draw Destruction, Draw Summoning


You were on level 2 of the Dungeon.
You worshipped Nemelex Xobeh.
Nemelex Xobeh was noncommittal.
You visited 1 branch of the dungeon, and saw 2 of its levels.

You collected 53 gold pieces.

Inventory:

Hand Weapons
 a - a +1 shortbow (weapon)
 i - a +1 whip of electrocution
Armour
 c - a +0 robe (worn)
Jewellery
 d - an amulet of reflection (around neck)
Scrolls
 b - a scroll of immolation
 j - a scroll of brand weapon
Potions
 e - a potion of mutation


   Skills:
 - Level 1.5 Fighting
 - Level 5.0 Ranged Weapons
 - Level 2.6 Dodging
 + Level 2.4 Stealth


You had 2 spell levels left.
You didn't know any spells.
Your spell library was empty.

Dungeon Overview and Level Annotations

Branches:
Dungeon (2/15) Zot: 11486

Altars:
Nemelex Xobeh


Innate Abilities, Weirdness & Mutations

You are very small and have problems with some larger weapons.
You are too small for most types of armour.
You have supernaturally acute eyesight. (SInv)
You cover ground extremely quickly. (Speed+++)
Your body sometimes deteriorates upon taking damage.
You are weak. (Str -2)


Message History

The gnoll shouts!
Okay, then.
The gnoll shouts!
There is a sparkling altar of Nemelex Xobeh here.
You kneel at the altar of Nemelex Xobeh.
Nemelex Xobeh welcomes you!
You can now draw from decks of power.
A gnoll comes into view. It is wielding a +0 whip.
A bat, an endoplasm and a ball python come into view.
You shoot an arrow. The arrow hits the gnoll!
The gnoll is almost dead.
You shoot an arrow. The arrow hits the gnoll.
You kill the gnoll!
Your Stealth skill increases to level 2!
You shoot an arrow. The arrow closely misses the gnoll.
A giant cockroach comes into view.
Found a scroll labelled JYKUVA CECUANG.
You shoot an arrow.
An adder comes into view.
A gnoll comes into view. It is wielding a +0 spear.
As you read the scroll labelled COEHAFRYRE, it crumbles to dust.
It is a scroll of enchant weapon.
Your +0 shortbow glows red for a moment.
As you read the scroll labelled RUXEFUNEI, it crumbles to dust.
It is a scroll of identify.
j - a scroll of brand weapon The gnoll hits you from afar with a +0 spear.
Okay, then.
Okay, then.
Okay, then.
It was a potion of mutation.
You feel extremely strange.
You feel yourself wasting away.
You feel weaker.
The gnoll hits you from afar with a +0 spear.
It was a potion of resistance.
You feel protected.
The adder hisses angrily.
The gnoll hits you from afar with a +0 spear!
Ouch! That really hurt!
You die...
Your body disappears without a glow.

..# ..# ##..# ....#
...#####
#######.#.#######.....?.
#...............B....###.
.......S....Sg.@........#
...........######g......#
...........# #.####...
.....w...gg# ###g#
...........# #...#
#......_w.g####..##
...........)....##
............##..###
..##....###.......#


You could see 2 gnolls, an adder and a giant cockroach.

Vanquished Creatures
  A gnoll (D:2)
  2 dart slugs (D:1)
  An endoplasm (D:1)
  A giant cockroach (D:1)
  2 goblins (D:1)
  2 hobgoblins (D:1)
  3 jackals (D:1)
  2 kobolds (D:1)
  2 quokkas (D:1)
  A ball python (D:1)
  6 bats (D:1)
  A frilled lizard (D:1)
  4 rats (D:1)
28 creatures vanquished.

Notes
Turn   | Place    | Note
-------+----------+-------------------------------------------
     0 | D:1      | iguanaiguana the Spriggan Hunter began the quest for the
                  | Orb.
     0 | D:1      | Reached XP level 1. HP: 10/10 MP: 2/2
   120 | D:1      | Reached XP level 2. HP: 14/14 MP: 3/3
   480 | D:1      | Reached skill level 5 in Ranged Weapons
   515 | D:1      | Reached XP level 3. HP: 18/18 MP: 4/4
   748 | D:2      | Found a sparkling altar of Nemelex Xobeh.
   751 | D:2      | Became a worshipper of Nemelex Xobeh the Trickster
   773 | D:2      | Gained mutation: Your body sometimes deteriorates upon
                  | taking damage. [potion of mutation]
   773 | D:2      | Gained mutation: You are weak. (Str -2) [potion of
                  | mutation]
   774 | D:2      | Slain by a gnoll

Illustrated notes

Levels and vault maps discovered:
D:1:      onia_arrival_pentagram, layout_basic
D:2:      layout_rooms, ebering_ecumenical_altar_rust, basic_altar,
          uniq_crazy_yiuf_cottage, uniq_robin

Skill      XL: |  1  2  3 |
---------------+----------+-----
Ranged Weapons | 5 |  5.0
Stealth        | 2 |  2.4
Fighting       | |  1.5
Dodging        | |  2.6

Action                   || total
-------------------------++-------
 Fire: Shortbow          ||    54
  Use: Scroll            ||     2
       Potion            ||     2
Armor: Robe              ||     2
Dodge: Dodged            ||    11
Block: Other             ||     1

Table legend: (Time is in decaauts)
 A = Elapsed time spent in this place.
 B = Non-inter-level travel time spent in this place.
 C = Inter-level travel time spent in this place.
 D = Time resting spent in this place.
 E = Time spent auto-exploring this place.
 F = Levels seen in this place.
 G = Mean time per level.
                   A        B        C        D        E       F      G
               +--------+--------+--------+--------+--------+-----+--------+
         Total |    512 |    236 |    276 |      0 |     86 |   2 |  256.0 |
       Dungeon |    512 |    236 |    276 |      0 |     86 |   2 |  256.0 |
               +--------+--------+--------+--------+--------+-----+--------+

Top non-repeatable levels by time:
     D:1: 492 daAuts
     D:2: 20 daAuts
